 Dungeon Crawl Stone Soup version 0.18-a0-486-gab6c0bd (console) character file.

24 bli the Conjurer (level 2, -11/20 HPs)
             Began as a Draconian Conjurer on Dec 2, 2015.
             Was a Follower of Dithmenos.
             Mangled by Sigmund
             ... wielding a +0 scythe
              (13 damage)
             ... on level 2 of the Dungeon.
             The game lasted 00:03:51 (1253 turns).

bli the Conjurer (Draconian Conjurer)               Turns: 1253, Time: 00:03:52

Health: -11/20     AC:  6    Str: 15    XL:     2   Next: 79%
Magic:  0/6        EV: 12    Int: 15    God:    Dithmenos [*.....]
Gold:   75         SH:  0    Dex: 11    Spells: 2 memorised, 4 levels left

rFire  . . .     SeeInvis .     g - +0 hand axe
rCold  . . .     Clarity  .     (armour unavailable)
rNeg   . . .     SustAt   .     (no shield)
rPois  .         Gourm    .     (helmet restricted)
rElec  .         Spirit   .     (no cloak)
rCorr  .         Dismiss  .     c - +0 pair of gloves
rMut   .         Stasis   .     e - +0 pair of boots
MR     .....                    (no amulet)
Stlth  ++........               (no ring)
                                (no ring)

@: mighty, very slightly contaminated, wreathed by umbra, not resistant to
hostile enchantments, unstealthy
A: unfitting armour, cold-blooded, AC +4
a: Renounce Religion


You were on level 2 of the Dungeon.
You worshipped Dithmenos.
Dithmenos was aware of your devotion.
You were hungry.

You visited 1 branch of the dungeon, and saw 2 of its levels.

You collected 75 gold pieces.

Inventory:

Hand Weapons
 g - a +0 hand axe (weapon)
Armour
 c - a +0 pair of gloves (worn)
 e - a +0 pair of boots (worn)
Scrolls
 d - 2 scrolls of identify {unknown}
 f - a scroll of fear {unknown}
 h - 3 scrolls of remove curse {unknown}
 k - a scroll of blinking {unknown}
 m - a scroll of amnesia {unknown}
Potions
 i - a potion of might
 l - a potion of degeneration {unknown}
Books
 a - a book of Conjurations

   Spells                             Type                      Level
   a - Magic Dart                     Conjuration                  1
   b - Searing Ray                    Conjuration                  2
   c - Dazzling Spray                 Conjuration/Hexes            3
   d - Fulminant Prism                Conjuration/Hexes            4
   e - Iskenderun's Mystic Blast      Conjuration                  4
   f - Iskenderun's Battlesphere      Conjuration/Charms           5
Comestibles
 b - a bread ration


   Skills:
 + Level 2.1 Dodging
 + Level 1.7 Stealth
 * Level 3.0 Spellcasting
 - Level 4.0 Conjurations


You had 4 spell levels left.
You knew the following spells:

 Your Spells              Type           Power        Failure   Level  Hunger
a - Magic Dart            Conj           ##..         4%          1    #......
r - Searing Ray           Conj           ##....       8%          2    ##.....


Dungeon Overview and Level Annotations

Branches:
Dungeon (2/15)

Altars:
Dithmenos

Annotations:
D:2 Sigmund


Innate Abilities, Weirdness & Mutations

Your plain brown scales are hard (AC +4).
Your body does not fit into most forms of armour.
You are cold-blooded and may be slowed by cold attacks.


Message History

Sigmund mumbles some strange words.
Sigmund flickers and vanishes!
Deactivating autopickup; reactivate with Ctrl-A.
Casting: Searing Ray
Confirm with . or Enter, or press ? or * to list all spells.
Aiming: Searing Ray
Press: ? - help, Shift-Dir - straight line You are feeling hungry.
Something hits you.
Without enough magic to sustain it, your searing ray dissipates.
You barely miss something. Something hits you!
Ouch! That really hurt!
You slash something!
Your tail-slap misses something.
You hear some strange, mumbled words.
A magic dart appears from out of thin air!
The magic dart hits you!
* * * LOW HITPOINT WARNING * * *
You closely miss something. Something hits you!
Ouch! That really hurt!
You die...

.# .## ..#
..# ..# #
..##### .
##......?
..##
#####...#
....
#.@{...#.#
###
#.###.#.#
#.# ##.##
#.# ##
#.#######
######
#.......#
#.....
#######.#
#.#### #.#
#.# #.#
#.#
#.######.#
#........#


There were no monsters in sight!

Vanquished Creatures
  An ooze (D:1)
  2 bats (D:1)
  A giant cockroach (D:2)
  2 goblins (D:1)
  A hobgoblin (D:1)
  A giant gecko (D:2)
  3 giant newts (D:1)
  3 kobolds (D:1)
  7 rats
21 creatures vanquished.

Notes
Turn   | Place    | Note
--------------------------------------------------------------
     0 | D:1      | bli the Draconian Conjurer began the quest for the Orb.
     0 | D:1      | Reached XP level 1. HP: 14/14 MP: 3/3
   210 | D:1      | Reached XP level 2. HP: 20/20 MP: 3/5
  1178 | D:2      | Found a faded altar to an unknown god.
  1183 | D:2      | Became a worshipper of Dithmenos the Shadowed
  1183 | D:2      | Reached * piety under Dithmenos
  1225 | D:2      | Noticed Sigmund
  1230 | D:2      | Learned a level 2 spell: Searing Ray
  1243 | D:2      | HP: 1/20 [Sigmund/scythe (1)]
  1253 | D:2      | Mangled by Sigmund

Vault maps used:
D:1:      elethiomel_arrival_infinity_welcomes_careful_drivers,
          patterned_corridor
D:2:      lemuel_round_altar, ecumenical_altar_1, uniq_sigmund

Action                   || total
-------------------------++-------
Melee: Unarmed           ||     6
       Hand axe          ||    10
 Cast: Magic Dart        ||    43
       Searing Ray       ||     2
  Use: Potion            ||     2
  Eat: Chunk             ||     1
